 Dungeon Crawl Stone Soup version 0.13.0-59-g13bd910 (webtiles) character file.

601 Chiseanne the Nimble (level 6, 0/32 HPs)
             Began as a Spriggan Monk on Nov 19, 2013.
             Was a Believer of Nemelex Xobeh.
             Succumbed to a scorpion's poison
             ... on Level 4 of the Dungeon.
             The game lasted 00:14:35 (4533 turns).

Chiseanne the Nimble (Spriggan Monk)                Turns: 4533, Time: 00:14:36

HP   0/32        AC  2     Str  9      XL: 6   Next: 57%
MP  15/15        EV 27     Int 12      God: Nemelex Xobeh [**....]
Gold 193         SH  0     Dex 18      Spells:  0 memorised, 10 levels left

Res.Fire  : . . .   See Invis. : +   x - +2,+5 dwarf hand axe (chop)
Res.Cold  : . . .   Warding    : .   a - +0 robe
Life Prot.: . . .   Conserve   : .   (shield restricted)
Res.Poison: .       Res.Corr.  : .   (helmet restricted)
Res.Elec. : .       Clarity    : +   (no cloak)
Sust.Abil.: . .     Spirit.Shd : .   (gloves unavailable)
Res.Mut.  : .       Stasis     : .   (boots unavailable)
Res.Rott. : .       Flight     : .   r - cursed amulet of clarity
Saprovore : . . .                    (no ring)
                                     w - +3 ring of evasion

@: mildly poisoned, very slightly contaminated, very quick, somewhat resistant
to hostile enchantments, stealthy
A: unfitting armour, see invisible, herbivore 3, speed 3, slow metabolism 2
a: Draw One, Peek at Two, Renounce Religion


You were on level 4 of the Dungeon.
You worshipped Nemelex Xobeh.
Nemelex Xobeh was pleased with you.
You were full.

You visited 2 branches of the dungeon, and saw 5 of its levels.

You collected 193 gold pieces.

Inventory:

Hand weapons
 c - a +0 blowgun
 x - a +2,+5 dwarven hand axe of chopping (weapon)
Missiles
 h - 2 silver darts (quivered)
Armour
 a - a +0 robe (worn)
Magical devices
 b - a wand of draining (0)
 k - a wand of frost (0)
Comestibles
 g - 3 chokos
 i - a pear
 u - a bread ration
Scrolls
 e - a scroll of identify
 f - a scroll of enchant armour {unknown}
 j - 4 scrolls of remove curse
 m - a scroll of teleportation
Jewellery
 r - a cursed amulet of clarity (around neck)
 w - a +3 ring of evasion (left hand)
Potions
 d - 2 potions of restore abilities
 l - a potion of flight
 n - a potion of might
Miscellaneous
 t - a plain deck of escape {drawn: 1} {god gift}
 v - a plain deck of escape {drawn: 1} {god gift}


   Skills:
 * Level 3.6 Fighting
 * Level 0.1 Axes
 * Level 8.2 Dodging
 - Level 3.0 Stealth
 - Level 3.2 Unarmed Combat
 * Level 2.8 Spellcasting
 * Level 2.8 Evocations


You had 10 spell levels left.
You didn't know any spells.

Dungeon Overview and Level Annotations

Branches:
Dungeon (4/27)             Temple (1/1) D:4

Altars:
Ashenzari
Elyvilon
Nemelex Xobeh
Okawaru
Trog
Vehumet
Xom
Yredelemnul
the Shining One
Lugonu


Innate Abilities, Weirdness & Mutations

You are tiny and cannot use many weapons and most armour.
You have supernaturally acute eyesight.
You are a herbivore.
You cover ground extremely quickly.
You need consume almost no food.


Message History

Found 17 gold pieces.
* * * LOW HITPOINT WARNING * * *
You feel sick.
* * * LOW HITPOINT WARNING * * *
You feel sick.
* * * LOW HITPOINT WARNING * * *
You feel sick.
You now have 193 gold pieces (gained 17).
* * * LOW HITPOINT WARNING * * *
You feel sick.
* * * LOW HITPOINT WARNING * * *
You feel sick.
* * * LOW HITPOINT WARNING * * *
You feel sick.
* * * LOW HITPOINT WARNING * * *
You feel sick.
* * * LOW HITPOINT WARNING * * *
You feel sick.
You die...
Your body disappears without a glow.

..#.######## . #.#
..#......# #.# #.#
#.#.####.# #.# #.#
#.#.# #.######)####
#.#.####...........###
#....................
#......##..........#
#......##..........#
##.....##.......@..##
....................#
##.....##...........#
#.....###.....####.#
####### #.###.# #.#
#.# #.# #.# #.# #.#
#.# #s# #.####.# #.#
#......#


There were no monsters in sight!

Vanquished Creatures
  Edmund (D:4)
  An ogre (D:4)
  A jelly (D:4)
  A scorpion (D:4)
  3 gnolls (D:4)
  5 adders
  A worm (D:2)
  4 giant geckos
  An orc (D:3)
  2 ball pythons
  9 bats
  9 goblins
  9 hobgoblins
  A giant cockroach (D:3)
  9 giant newts
  8 kobolds
  7 rats
72 creatures vanquished.

Notes
Turn   | Place    | Note
--------------------------------------------------------------
     0 | D:1      | Chiseanne, the Spriggan Monk, began the quest for the Orb.
     0 | D:1      | Reached XP level 1. HP: 11/11 MP: 1/1
   810 | D:1      | Reached skill level 1 in Spellcasting
   832 | D:1      | Reached XP level 2. HP: 12/15 MP: 3/3
  1345 | D:2      | Found a radiant altar of Vehumet.
  1357 | D:2      | Reached skill level 5 in Dodging
  1482 | D:2      | Reached XP level 3. HP: 19/19 MP: 6/6
  1500 | D:2      | Found an iron altar of Okawaru.
  1539 | D:2      | Noticed a moth of wrath
  1543 | D:2      | Found a bloodstained altar of Trog.
  2474 | D:3      | Reached XP level 4. HP: 23/23 MP: 8/8
  2947 | D:4      | Found a staircase to the Ecumenical Temple.
  2956 | Temple   | Entered the Ecumenical Temple
  2999 | Temple   | Became a worshipper of Nemelex Xobeh
  2999 | Temple   | Received a gift from Nemelex Xobeh
  2999 | Temple   | Acquired Nemelex Xobeh's first power
  3243 | D:2      | Reached skill level 1 in Evocations
  3283 | D:2      | Acquired Nemelex Xobeh's second power
  4036 | D:4      | Received a gift from Nemelex Xobeh
  4050 | D:4      | Noticed Edmund
  4083 | D:4      | Killed Edmund
  4083 | D:4      | Reached skill level 6 in Dodging
  4083 | D:4      | Reached XP level 5. HP: 13/28 MP: 8/11
  4265 | D:4      | Noticed an ogre
  4274 | D:4      | Killed an ogre
  4274 | D:4      | Reached skill level 7 in Dodging
  4274 | D:4      | Reached XP level 6. HP: 32/32 MP: 13/15
  4434 | D:4      | Reached skill level 8 in Dodging
  4530 | D:4      | HP: 1/32 [poisoned by a scorpion]
  4533 | D:4      | Succumbed to a scorpion's poison

Action                   |  1- 3 |  4- 6 || total
-------------------------+-------+-------++-------
Melee: Unarmed           |   120 |    72 ||   192
       Hand axe          |       |    41 ||    41
Invok: Draw One          |       |     2 ||     2
Evoke: Wand              |     5 |    10 ||    15
  Use: Potion            |     5 |     6 ||    11
       Scroll            |     4 |     6 ||    10
 Stab: Sleeping          |     4 |     4 ||     8
       Invisible         |       |     1 ||     1
